 Dungeon Crawl Stone Soup version 0.30-a0-782-ge64f9170bb (webtiles) character file.

Game seed: 349510819632875931

214 Flugslaktarn the Shield-Bearer (level 5, 0/47 HPs)
             Began as a Minotaur Fighter on Feb 18, 2023.
             Succumbed to Ijyb's poison
             ... on level 4 of the Dungeon.
             The game lasted 00:01:05 (2148 turns).

Flugslaktarn the Shield-Bearer (Minotaur Fighter)   Turns: 2148, Time: 00:01:05

Health: 0/47       AC: 11    Str: 23    XL:     5   Next: 59%
Magic:  4/4        EV:  6    Int:  5    God:
Gold:   179        SH: 12    Dex:  9    Spells: 4/4 levels left

rFire   . . .      SeeInvis .    a - +0 war axe
rCold   + . .      Faith    .    l - +0 tower shield
rNeg    . . .      Spirit   .    b - +0 scale mail
rPois   .          Reflect  .    (helmet restricted)
rElec   .          Harm     .    (no cloak)
rCorr   .          Rampage  .    (no gloves)
Will    .....                    (no boots) Stlth
                                 (no amulet)
HPRegen 0.27/turn                p - +4 ring of protection
MPRegen 0.09/turn                c - ring of protection from cold

@: brilliant, lethally poisoned (0 -> -8), flying
A: horns 2, retaliatory headbutt
a: no special abilities


You were on level 4 of the Dungeon.
You visited 1 branch of the dungeon, and saw 4 of its levels.

You collected 179 gold pieces.

Inventory:

Hand Weapons
 a - a +0 war axe (weapon)
Armour
 b - a +0 scale mail (worn)
 l - a +0 tower shield (worn)
   (You found it on level 1 of the Dungeon)
 u - a +0 buckler
Jewellery
 c - a ring of protection from cold (right hand)
   (You found it on level 3 of the Dungeon)
 p - a +4 ring of protection (left hand)
   (You found it on level 3 of the Dungeon)
Wands
 q - a wand of roots (11)
   (You found it on level 2 of the Dungeon)
Scrolls
 e - a scroll of poison {unknown}
 f - a scroll of fear {unknown}
 g - 2 scrolls of teleportation {unknown}
 h - 2 scrolls of enchant armour {unknown}
 j - a scroll of blinking {unknown}
 n - 3 scrolls of identify {unknown}
 r - a scroll of brand weapon {unknown}
 t - a scroll of magic mapping {unknown}
Potions
 d - 2 potions of might
 i - a potion of heal wounds {unknown}
 k - a potion of mutation {unknown}
 m - a potion of curing {unknown}
 o - a potion of flight
 s - a potion of brilliance
 v - a potion of haste {unknown}


   Skills:
 + Level 4.6 Fighting
 * Level 4.8 Axes
 + Level 4.6 Armour
 * Level 4.8 Shields


You had 4 spell levels left.
You didn't know any spells.
Your spell library was empty.

Dungeon Overview and Level Annotations

Branches:
Dungeon (4/15)
 Temple: D:4-7

Altars:
Hepliaklqana
Kikubaaqudgha
Makhleb
Okawaru
Xom

Annotations:
D:4 Ijyb


Innate Abilities, Weirdness & Mutations

You have a pair of horns on your head.
You reflexively headbutt those who attack you in melee.


Message History

The ball python hisses angrily.
A ball python is nearby!
A ball python is nearby!
A ball python is nearby!
The ball python barely misses you. The ball python grabs you.
The ball python constricts you.
You barely miss the ball python.
You headbutt the ball python, but do no damage.
The ball python barely misses you. The ball python constricts you.
The ball python bites you but does no damage.
The ball python constricts you.
You barely miss the ball python. You block the ball python's attack.
The ball python constricts you.
The ball python bites you but does no damage.
The ball python constricts you.
You slash the ball python!
You kill the ball python!
No target in view!
No target in view!
You see here a ball python corpse.
Found a stone staircase leading up.
There is a stone staircase leading up here.
You open the door.
Found a shimmering altar of Xom.
There is an open door here.
c - a ring of protection from cold;
u - a +0 buckler
Found a hazy altar of Hepliaklqana.
No reachable target in view!
The kobold shouts!
You open the door.
There is an open door here.
You now have 179 gold pieces (gained 8).
Found a leather armour.
You see here a +0 leather armour.
Found a stone staircase leading down.
There is a stone staircase leading down here.
There is a stone staircase leading down here.
You see here a +0 leather armour.
You open the door.
Found a burning altar of Makhleb.
There is an open door here.
p - a +4 ring of protection;
v - a black potion Done exploring.
Done exploring.
No target in view!
p - a +4 ring of protection (left hand) Unknown command.
(D) Dungeon
Where to? (Enter - D:3, ? - help)
There is a burning altar of Makhleb here.
There is an open door here.
There is a stone staircase leading down here.
You climb downwards.
Found a murky black potion.
Found an iron altar of Okawaru.
Found a stone staircase leading down.
There is a stone staircase leading up here.
Unknown command.
c - a ring of protection from cold (right hand)
Found a bubbling pink potion.
Ijyb the Twisted Goblin comes into view.
She is wielding a +2 dagger of venom and carrying a wand of light (8).
Found a spear.
Found a stone staircase leading up.
Ijyb zaps a wand.
The bolt of light hits you!
You are confused.
A hound comes into view.
The hound barks!
You feel less confused.
You barely miss the hound. Your headbutt misses the hound. The hound bites you.
The hound bites you but does no damage. You block Ijyb's attack.
You hit the hound.
The hound is lightly wounded.
You slash Ijyb! The hound bites you. The hound bites you but does no damage.
You block Ijyb's attack. The hound bites you.
You slash Ijyb!
Ijyb is severely wounded.
You miss the hound. You block the hound's attack.
Ijyb hits you with a +2 dagger of venom.
You are poisoned.
You block the hound's attack.
Ijyb hits you with a +2 dagger of venom.
You are more poisoned.
You barely miss Ijyb.
Ijyb is severely wounded.
You barely miss the hound.
You feel very sick.
The hound bites you but does no damage. x2; You block Ijyb's attack.
The hound bites you but does no damage.
Ijyb zaps a wand.
The bolt of light hits you!
* * * LOW HITPOINT WARNING * * *
Okay, then.
Okay, then.
Okay, then.
It was a potion of flight.
You feel very buoyant.
You fly up into the air.
* * * LOW HITPOINT WARNING * * *
You feel very sick. You block the hound's attack. You block Ijyb's attack.
It was a potion of brilliance.
You feel clever all of a sudden.
You die...

#.# ### #)#
...##.####
###.#.....##
#......<#..
.......#.######
#...#..<...#..
#@g........>#
#._h#.#.#.##.#.#
....#.#..#.#.#
.. ..
..#...#.#!# ...
.........#.. ..
#....###...### .
#.... #...# #..#
...!.


You could see Ijyb and a hound.

Vanquished Creatures
  An ogre (D:2)
  A necrophage (D:3)
  2 adders (D:2)
  5 dart slugs
  An endoplasm (D:2)
  3 giant cockroaches
  3 goblins
  4 hobgoblins
  2 jackals (D:2)
  6 kobolds
  A quokka (D:1)
  2 ball pythons (D:3)
  5 bats
  3 frilled lizards
  A rat (D:2)
40 creatures vanquished.

Notes
Turn   | Place    | Note
-------+----------+-------------------------------------------
     0 | D:1      | Flugslaktarn the Minotaur Fighter began the quest for the
                  | Orb.
     0 | D:1      | Reached XP level 1. HP: 19/19 MP: 0/0
   101 | D:1      | Reached XP level 2. HP: 27/27 MP: 1/1
   834 | D:2      | Reached XP level 3. HP: 32/33 MP: 2/2
   901 | D:2      | Noticed an ogre
   907 | D:2      | Killed an ogre
   908 | D:2      | Reached XP level 4. HP: 22/41 MP: 3/3
  1118 | D:2      | Reached XP level 5. HP: 47/47 MP: 4/4
  1524 | D:3      | Found an ancient bone altar of Kikubaaqudgha.
  1953 | D:3      | Found a shimmering altar of Xom.
  1956 | D:3      | Found a hazy altar of Hepliaklqana.
  1957 | D:3      | Noticed a spectral ugly thing
  2107 | D:3      | Found a burning altar of Makhleb.
  2136 | D:4      | Found an iron altar of Okawaru.
  2139 | D:4      | Noticed Ijyb
  2147 | D:4      | HP: 2/47 [poisoned by Ijyb]
  2148 | D:4      | Succumbed to Ijyb's poison

Illustrated notes

Levels and vault maps discovered:
D:1:      zelgadis_glass_arrival_small, layout_loops_ring
D:2:      layout_basic, nrook_loot_triangle, kennysheep_generic_room_7
D:3:      layout_loops_cross, kiku_gazebo_garden_becter, lightli_temple_of_fire,
          regret_index_temple_of_mockery
D:4:      cheibrodos_fertilizer, layout_basic, okawaru_metal_pillars_3,
          nicolae_elyvilon_temple_path, grunt_qazlal_clouds,
          minmay_temple_entry_grid, uniq_ijyb, uniq_crazy_yiuf_cottage

Skill      XL: |  1  2  3 |
---------------+----------+-----
Axes           | 3 4 |  4.8
Fighting       | 4 |  4.6
Armour         | 4 |  4.6
Shields        | 4 |  4.8

Action                     |  1- 3 |  4- 6 || total
---------------------------+-------+-------++-------
  Melee: War axe           |    49 |    50 ||    99
         Headbutt          |     7 |     6 ||    13
    Use: Potion            |       |     2 ||     2
 Armour: Scale mail        |    28 |    29 ||    57
  Dodge: Dodged            |    12 |    15 ||    27
  Block: Buckler           |    10 |       ||    10
         Tower shield      |    10 |    40 ||    50

Table legend: (Time is in decaauts)
 A = Elapsed time spent in this place.
 B = Non-inter-level travel time spent in this place.
 C = Inter-level travel time spent in this place.
 D = Time resting spent in this place.
 E = Time spent auto-exploring this place.
 F = Levels seen in this place.
 G = Mean time per level.
                   A        B        C        D        E       F      G
               +--------+--------+--------+--------+--------+-----+--------+
         Total |   2204 |   2058 |    146 |     73 |   1667 |   4 |  551.0 |
       Dungeon |   2204 |   2058 |    146 |     73 |   1667 |   4 |  551.0 |
               +--------+--------+--------+--------+--------+-----+--------+

Top non-repeatable levels by time:
     D:2: 810 daAuts
     D:3: 725 daAuts
     D:1: 654 daAuts
     D:4: 13 daAuts
